 Dungeon Crawl Stone Soup version 0.23.1 (webtiles) character file.

Game seed: 14222796030704073179

142 Fang the Skirmisher (level 5, 0/33 HPs)
             Began as a Gargoyle Berserker on Mar 5, 2019.
             Was a Priest of Trog.
             Killed from afar by drovix's ghost (4 damage)
             ... with a magic dart
             ... on level 3 of the Dungeon.
             The game lasted 00:03:31 (2378 turns).

Fang the Skirmisher (Gargoyle Berserker)            Turns: 2378, Time: 00:03:32

Health: 0/33       AC: 13    Str: 21    XL:     5   Next: 24%
Magic:  5/5        EV:  8    Int:  8    God:    Trog [***...]
Gold:   162        SH:  0    Dex:  9    Spells: 4/4 levels left

rFire    . . .     SeeInvis .   a - +0 hand axe
rCold    . . .     Gourm    .   (no shield)
rNeg     + . .     Faith    .   r - +0 chain mail
rPois    ∞         Spirit   .   (no helmet)
rElec    +         Reflect  .   (no cloak)
rCorr    .         Harm     .   (no gloves)
MR       ++...                  (no boots)
Stlth    ..........             (no amulet)
HPRegen  1.11/turn              (no ring)
MPRegen  0.09/turn              (no ring)

@: berserk cooldown, regenerating, slowed, very slow
A: negative energy resistance 1, electricity resistance, unbreathing,
petrification resistance, rot immunity, AC +4
a: Berserk, Trog's Hand, Renounce Religion


You were on level 3 of the Dungeon.
You worshipped Trog.
Trog was most pleased with you.
You were very hungry.

You visited 1 branch of the dungeon, and saw 3 of its levels.

You collected 162 gold pieces.

Inventory:

Hand Weapons
 a - a +0 hand axe (weapon)
Armour
 r - a +0 chain mail (worn)
Scrolls
 f - a scroll of remove curse {unknown}
 h - a scroll of immolation {unknown}
 j - a scroll of random uselessness {unknown}
 l - 3 scrolls of teleportation {unknown}
 o - 2 scrolls of identify {unknown}
Potions
 b - a potion of degeneration {unknown}
 e - a potion of curing {unknown}
 g - a potion of agility {unknown}
 i - 2 potions of might {unknown}
 k - a potion of flight {unknown}
 m - a potion of invisibility {unknown}
 n - a potion of magic {unknown}
 p - a potion of cancellation {unknown}
 q - a potion of haste {unknown}
 s - a potion of resistance {unknown}
Comestibles
 c - 9 rations


   Skills:
 + Level 4.2 Fighting
 + Level 3.5 Axes
 + Level 3.3 Armour
 + Level 2.4 Dodging


You had 4 spell levels left.
You didn't know any spells.
Your spell library was empty.

Dungeon Overview and Level Annotations

Branches:
Dungeon (3/15)

Altars:
Ru
Uskayaw

Annotations:
D:3 drovix's ghost, novice GnWz


Innate Abilities, Weirdness & Mutations

You are resistant to torment.
Your stone body is resilient. (AC +4)
You are immune to poison.
You resist negative energy. (rN+)
You are resistant to electric shocks. (rElec)
You can survive without breathing.
You are immune to petrification.
You are immune to rotting.


Message History

You feel resistant to hostile enchantments.
You feel somewhat more hungry. Drovix's ghost hits you!
* * * LOW HITPOINT WARNING * * *
Drovix's ghost hits you.
* * * LOW HITPOINT WARNING * * *
You closely miss drovix's ghost.
Drovix's ghost is heavily damaged.
Drovix's ghost hits you.
* * * LOW HITPOINT WARNING * * *
Drovix's ghost hits you but does no damage.
You miss drovix's ghost.
Drovix's ghost is heavily damaged.
Drovix's ghost hits you!
* * * LOW HITPOINT WARNING * * *
You slash drovix's ghost!
Drovix's ghost is severely damaged.
Drovix's ghost closely misses you. Drovix's ghost casts a spell at you.
The magic dart hits you.
You die...

...........#.#.##.########.##...#
#######.####.#..)...)......##...#
........# #.#.##.###########....
##.....## #.#.##.# #..<.
........# ##.#.#..###########....
8.8.8...# #.[.........(......####
........# #.###')'###........+...
......#.# #.#.......#........####
......#.###.#...@W..#........# #
_)..........#.......#........# #
.......##...#.......#........# #
......###...#.....(.#.###########
......# #...#...)$..#)#........##
8.8.8.# #...#.......#.#........##
......###...#########.#........##
#####.##.............)...........
#.##.............####......##


You could see drovix's ghost.

Vanquished Creatures
  Robin (D:2)
  2 adders
  4 oozes
  5 dart slugs
  2 leopard geckos (D:1)
  2 orcs (D:3)
  A ball python (D:3)
  3 giant cockroaches
  14 goblins
  7 hobgoblins
  4 jackals (D:3)
  4 quokkas
  10 bats
  3 frilled lizards
  5 kobolds
  10 rats
77 creatures vanquished.

Notes
Turn   | Place    | Note
-------+----------+-------------------------------------------
     0 | D:1      | Fang the Gargoyle Berserker began the quest for the Orb.
     0 | D:1      | Reached XP level 1. HP: 14/14 MP: 1/1
    95 | D:1      | Reached XP level 2. HP: 13/19 MP: 2/2
   509 | D:1      | Reached XP level 3. HP: 23/23 MP: 3/3
   722 | D:2      | Reached ** piety under Trog
   748 | D:2      | Found a sacrificial altar of Ru.
  1082 | D:2      | Noticed Robin
  1091 | D:2      | Reached XP level 4. HP: 29/29 MP: 4/4
  1101 | D:2      | Killed Robin
  1314 | D:2      | Reached skill level 4 in Fighting
  1685 | D:3      | Found a runed translucent gate.
  1719 | D:3      | Found a hide-covered altar of Uskayaw.
  1735 | D:3      | Reached *** piety under Trog
  1884 | D:3      | Found a runed translucent gate.
  1884 | D:3      | Found a runed translucent gate.
  1888 | D:3      | Noticed drovix's ghost (novice GnWz)
  1896 | D:3      | Reached XP level 5. HP: 32/33 MP: 5/5
  2378 | D:3      | Killed from afar by drovix's ghost

Skill      XL: |  1  2  3  4 |
---------------+-------------+-----
Axes           | 3 |  3.5
Dodging        | 2 |  2.4
Armour         | 3 |  3.3
Fighting       | 4 |  4.2

Action                   |  1- 3 |  4- 6 || total
-------------------------+-------+-------++-------
Melee: Hand axe          |   130 |   146 ||   276
Invok: Berserk           |     1 |     1 ||     2
       Trog's Hand       |       |     1 ||     1
  Eat: Chunk             |     1 |     5 ||     6
Armor: Animal skin       |    57 |    53 ||   110
       Chain mail        |       |    48 ||    48
Dodge: Dodged            |    80 |    98 ||   178
